 Dungeon Crawl Stone Soup version 0.24.0-125-gc4c63601f3 (webtiles) character file.

Game seed: 9116167786942150854, levelgen mode: deterministic

95 LraC the Grave Robber (level 4, -7/30 HPs)
             Began as a Demonspawn Necromancer on Mar 4, 2020.
             Shot with an arrow by a centaur (10 damage)
             ... on level 3 of the Dungeon.
             The game lasted 00:25:10 (1904 turns).

LraC the Grave Robber (Demonspawn Necromancer)      Turns: 1904, Time: 00:25:11

Health: -7/30      AC:  5    Str:  9    XL:     4   Next: 39%
Magic:  0/8        EV: 12    Int: 17    God:
Gold:   142        SH:  4    Dex: 13    Spells: 4/9 levels left

rFire    . . .     SeeInvis .   H - +3 dagger (elec)
rCold    . . .     Gourm    .   (no shield)
rNeg     . . .     Faith    .   s - +0 robe
rPois    .         Spirit   .   (helmet restricted)
rElec    .         Reflect  .   B - +0 cloak
rCorr    .         Harm     .   o - +1 pair of gloves
MR       .....                  (no boots)
Stlth    ++........             (no amulet)
HPRegen  0.00/turn              (no ring)
MPRegen  0.11/turn              (no ring)

@: regenerating
A: antennae 1, large bone plates 1, blink, screaming 1, inhibited regeneration
a: Blink


You were on level 3 of the Dungeon.
You were not hungry.

You visited 1 branch of the dungeon, and saw 3 of its levels.

You collected 142 gold pieces.

Inventory:

Hand Weapons
 c - a +0 dagger
 d - a +0 short sword
 e - a +0 whip
 f - a +0 hand axe
 g - a +0 club
 h - a +0 dagger
 j - a +0 club
 m - a +0 club
 n - a +0 mace
 t - a +0 club
 x - a +0 club
 y - a +0 club
 G - a +0 club
 H - a +3 dagger of electrocution (weapon)
 I - a +0 club
 J - a +0 hand axe
 L - a +0 mace
Missiles
 i - 48 stones (quivered)
 v - 48 arrows
 C - 27 sling bullets
Armour
 a - a +0 robe
 k - a +0 chain mail
 o - a +1 pair of gloves (worn)
 p - a +0 ring mail
 r - a +0 leather armour
 s - a +0 robe (worn)
 w - a +0 chain mail
 B - a +0 cloak (worn)
 D - a +0 ring mail
 E - a +0 ring mail
 K - a +1 scale mail of fire resistance
 M - a +0 leather armour
Scrolls
 b - 3 scrolls of remove curse
 l - a scroll of noise {unknown}
 F - a scroll of identify
Potions
 q - 2 potions of curing
 z - a potion of brilliance
Comestibles
 u - 3 rations
 A - 5 chunks of flesh


   Skills:
 + Level 0.1 Short Blades
 + Level 1.8 Dodging
 + Level 1.9 Stealth
 + Level 3.2 Spellcasting
 + Level 5.5 Necromancy


You had 4 spell levels left.
You knew the following spells:

 Your Spells              Type           Power        Failure   Level  Hunger
a - Pain                  Necr           ###.         1%          1    None
b - Animate Skeleton      Necr           N/A          1%          1    None
c - Regeneration          Chrm/Necr      ##........   17%         3    ###....

Your spell library contained the following spells:

 Spells                   Type           Power        Failure   Level  Hunger
 Vampiric Draining        Necr           ###.......   5%          3    ###....
 Animate Dead             Necr           N/A          19%         4    ####...


Dungeon Overview and Level Annotations

Branches:
Dungeon (3/15)

Altars:
Uskayaw


Innate Abilities, Weirdness & Mutations

You are partially covered in large bone plates. (SH +4)
You have a pair of small antennae on your head.
You can translocate small distances at will.
You occasionally shout uncontrollably at your foes.
You do not regenerate when monsters are visible.


Message History

Press: ? - help, Dir - move target cursor, f - centaur
Aim: a centaur (resting) Attack!
The centaur shouts!
You hear an angry hiss.
The centaur wields a +0 shortbow.
The centaur shoots an arrow.
The arrow completely misses you.
The arrow hits your hobgoblin skeleton!!
Your hobgoblin skeleton is destroyed!
Casting: Animate Skeleton (safe; 1% risk of failure)
Confirm with . or Enter, or press ? or * to list all spells.
Aiming: Pain (safe; 1% risk of failure)
Press: ? - help, Shift-Dir - straight line, f/p - centaur
Aim: a centaur, wielding a +0 shortbow (chance to defeat MR: 80%)
The centaur writhes in agony.
The centaur shoots an arrow.
The arrow hits you!
* * * LOW HITPOINT WARNING * * *
The centaur shoots an arrow.
You block the arrow.
Casting: Pain (safe; 1% risk of failure)
Confirm with . or Enter, or press ? or * to list all spells.
Your skin crawls.
The centaur shoots an arrow.
The arrow hits you!
You die...

#. ##.# #.# #....
#.###..## #.# ##.#..
##...#...## #.#####.....
#.........###....%....#.
........Z...#..####...#.
.........>....#####.###.
........Z(.#####...<# ##
...c......## #...##.# ##
.#...#.@.## #.####.# #.
## #.#######.####.###.
#.####.Z...........
#.##.....#####.####
####.##....###........
##.......#### #........
##........## #........
#..........# #........
#..........# #........


You could see a centaur, a friendly leopard gecko skeleton and a friendly kobold
skeleton.

Vanquished Creatures
  3 adders
  A dart slug (D:1)
  2 leopard geckos (D:3)
  4 orcs (D:3)
  A ball python (D:2)
  5 bats
  7 giant cockroaches
  4 goblins
  8 hobgoblins
  A quokka (D:2)
  5 frilled lizards
  8 kobolds
  4 rats
53 creatures vanquished.

Vanquished Creatures (collateral kills)
  2 goblins (D:1)
  A rat (D:1)
3 creatures vanquished.

Grand Total: 56 creatures vanquished

Notes
Turn   | Place    | Note
-------+----------+-------------------------------------------
     0 | D:1      | LraC the Demonspawn Necromancer began the quest for the
                  | Orb.
     0 | D:1      | Reached XP level 1. HP: 13/13 MP: 3/3
     2 | D:1      | Learned a level 1 spell: Animate Skeleton
   207 | D:1      | Gained mutation: You do not regenerate when monsters are
                  | visible. [potion of mutation]
   207 | D:1      | Gained mutation: You occasionally shout uncontrollably at
                  | your foes. [potion of mutation]
   207 | D:1      | Gained mutation: You have a pair of small antennae on your
                  | head. [potion of mutation]
   207 | D:1      | Gained mutation: You can translocate small distances at
                  | will. [potion of mutation]
   227 | D:1      | Gained mutation: You are partially covered in large bone
                  | plates. (SH +4) [demonic ancestry]
   227 | D:1      | Reached XP level 2. HP: 6/19 MP: 0/5
   458 | D:1      | Reached skill level 5 in Necromancy
   959 | D:2      | Reached XP level 3. HP: 22/24 MP: 3/6
  1253 | D:2      | Learned a level 3 spell: Regeneration
  1556 | D:2      | Found a hide-covered altar of Uskayaw.
  1699 | D:3      | Reached XP level 4. HP: 10/30 MP: 1/8
  1898 | D:3      | Noticed a centaur
  1904 | D:3      | Shot with an arrow by a centaur

Levels and vault maps discovered:
D:1:      lightli_arrival_isolated_outpost, layout_basic, minmay_cupped
D:2:      layout_basic, overflow_temple_1_default
D:3:      layout_rooms, old_standard_altar, gup_sewer_entry_glass,
          gammafunk_ghost_smash

Skill      XL: |  1  2  3 |
---------------+----------+-----
Necromancy     | 5 |  5.5
Spellcasting   | 3 |  3.2
Short Blades   | |  0.1
Dodging        | |  1.8
Stealth        | |  1.9

Action                   |  1- 3 |  4- 6 || total
-------------------------+-------+-------++-------
Melee: Dagger            |    12 |       ||    12
 Cast: Pain              |    71 |    18 ||    89
       Animate Skeleton  |    10 |     4 ||    14
       Regeneration      |       |     1 ||     1
  Use: Scroll            |     7 |     2 ||     9
       Potion            |     3 |     1 ||     4
  Eat: Ration            |     1 |       ||     1
Armor: Robe              |     5 |       ||     5
Dodge: Dodged            |     9 |     3 ||    12
Block: Other             |     5 |     1 ||     6
